 Dungeon Crawl Stone Soup version 0.31-a0-1101-g9ad1905e61 (webtiles) character file.

Game seed: 8191329966872146616

42 kae the Sneak (level 3, 25/25 HPs)
             Began as a Demonspawn Enchanter on Dec 1, 2023.
             Quit the game on level 2 of the Dungeon.
             The game lasted 00:01:39 (2036 turns).

kae the Sneak (Demonspawn Enchanter)                Turns: 2036, Time: 00:01:40

Health: 25/25      AC:  2    Str:  8    XL:     3   Next: 35%
Magic:  6/6        EV: 12    Int: 17    God:
Gold:   151        SH:  0    Dex: 15    Spells: 4/6 levels left

rFire   . . .        a - +1 dagger
rCold   . . .        (no shield)
rNeg    . . .        b - +0 robe
rPois   .            (no helmet)
rElec   .            (no cloak)
rCorr   .            (no gloves)
SInv    .            (no boots)
Will    .....        (no amulet)
Stlth   +            (no ring)
HPRegen 0.24/turn    (no ring)
MPRegen 0.10/turn

%: no passive effects
@: very slow
A: demonic guardian 1, big brain 1
a: no special abilities


You were on level 2 of the Dungeon.
You visited 1 branch of the dungeon, and saw 2 of its levels.

You collected 151 gold pieces.


Innate Abilities, Weirdness & Mutations

A weak demonic guardian rushes to your aid.
You have an unusually large brain. (Int +2)


   Skills:
 + Level 0.7 Fighting
 * Level 1.4 Short Blades
 - Level 1.7 Dodging
 * Level 3.2 Stealth
 + Level 2.2 Spellcasting
 + Level 3.1 Hexes
 * Level 0.7 Ice Magic


You had 4 spell levels left.
You knew the following spells:

 Your Spells              Type           Power      Damage    Failure   Level
a - Ensorcelled Hibernat  Hex/Ice        16%        N/A       13%         2

Your spell library contained the following spells:

 Spells                   Type           Power      Damage    Failure   Level
 Confusing Touch          Hex            12%        N/A       16%         3
 Tukima's Dance           Hex            12%        N/A       16%         3
 Magic Dart               Conj           4%         1d3       19%         1
 Call Imp                 Summ           2%         N/A       28%         2
 Dazzling Flash           Conj/Hex       14%        N/A       30%         3
 Hailstorm                Conj/Ice       3%         3d3       43%         3
 Mephitic Cloud           Conj/Pois/Air  1%         N/A       50%         3
 Summon Ice Beast         Ice/Summ       3%         N/A       85%         4
 Simulacrum               Ice/Necr       1%         N/A       100%        6

Inventory:

Hand Weapons
 a - a +1 dagger (weapon)
Missiles
 e - 31 stones
Armour
 b - a +0 robe (worn)
Jewellery
 T - an amulet of faith {!P}
   (You found it on level 2 of the Dungeon)
Scrolls
 f - a scroll of teleportation {@r4}
 j - a scroll of fog {unknown}
 l - 2 scrolls of revelation {unknown}
Potions
 c - 3 potions of invisibility
 d - a potion of degeneration {unknown}
 g - a potion of might {unknown}
 h - 2 potions of haste {unknown}
 i - 2 potions of curing {unknown}
 k - a potion of heal wounds {unknown}
 m - a potion of lignification {unknown}

Dungeon Overview and Level Annotations

Branches:
Dungeon (2/15) Zot: 9918

Altars:

Shops:
D:1

[ ##^..## #.# #.#.###.## ##'##
#.# #.......[. #.# #.# #######.##
#.# ###.# #......#
####.########...# #.######
......##...##.#.# #.#
.#.......♣.♣♣.♣.♣♣# ###.#####
†#...♣.~♣~♣♣♣♣♣♣♣P♣♣♣♣#.......#
.#..♣~~♣~P~~~~~~@♣~~~♣♣.#.###.###
.#~~♣~~♣~~~≈≈~≈≈~~P~P~♣♣~........
.♣♣P~P~~~≈≈≈≈≈≈≈≈≈~~♣~P~~♣###.###
♣~~~~~~~~≈≈≈≈≈≈≈≈≈~~~P~~~♣~##.#
~P~~~♣~≈≈≈≈≈≈≈≈≈≈≈≈P~~P~~~~♣..#
~~~~~~~≈≈≈≈≈≈≈≈≈≈≈≈≈~~~~♣P♣♣#.#
~~~~~~~~≈≈≈≈≈≈≈≈≈≈≈P~~♣~~~♣...#
~♣~P~~~~~≈≈≈≈≈≈≈≈≈≈~~~~P~~♣####
#~♣~~♣~~♣≈≈≈≈≈≈≈≈PP~~~~~♣♣######


There were no monsters in sight!


Message History

No target in view!
No target in view!
Found a stone staircase leading down.
k - a clear potion You now have enough gold to buy a +1 leather armour of poison resistance on D:1, or buy a +0 pair of gloves of stealth on D:1.
You can access your shopping list by pressing '$'.
You now have 145 gold pieces (gained 16).
You now have 151 gold pieces (gained 6).
e - 25 stones (gained 2)
You enter the shallow water.
Moving in this stuff is going to be slow.
There is a stone staircase leading down here.
Found a stone staircase leading down.
A bat comes into view.
A bat is nearby!
A bat is nearby!
A bat is nearby!
A bat is nearby!
A bat is nearby!
The helpless bat fails to defend itself.
You impale the bat!!
You kill the bat!
No target in view!
l - 2 scrolls labelled GUOCVA UXINU Key pressed, stopping explore.
No target in view!
No target in view!
You enter the shallow water.
Moving in this stuff is going to be slow.
Key pressed, stopping explore.
No target in view!
No target in view!
There is a faded altar of an unknown god here.
You open the door.
There is an open door here.
Key pressed, stopping explore.
No target in view!
No target in view!
m - a lumpy blue potion No target in view!
No target in view!
i - 2 brown potions (gained 1)
A rat comes into view.
You hit the rat.
You kill the rat!
e - 31 stones (gained 6)
An endoplasm is nearby!
You enter the shallow water.
Moving in this stuff is going to be slow.
An endoplasm is nearby!
An endoplasm is nearby!
The endoplasm freezes you.
You are frozen.
A demonic guardian appears!
The endoplasm hits you.
An endoplasm is nearby!
You barely miss the endoplasm.
The endoplasm splashes around in the water.
You barely miss the endoplasm.
The endoplasm barely misses you. 😕 HP[-2]
You take 2 damage, and now have 23/25 hp.
You hit the endoplasm but do no damage.
Your white imp gestures at the endoplasm.
The puff of frost hits the endoplasm!
The endoplasm dies!
No target in view!
No target in view!
No target in view!
No target in view!
No target in view!
Key pressed, stopping explore.
No target in view!
No target in view! 😎 HP[+2]
Your hp is fully restored (25).
Your white imp disappears in a puff of smoke!
You enter the shallow water.
Moving in this stuff is going to be slow.
Key pressed, stopping explore.
No target in view!
No target in view!
You enter the shallow water.
Moving in this stuff is going to be slow.
You see here a +0 whip.
Key pressed, stopping explore.
No target in view!
No target in view!
No target in view!
No target in view!
You see here a +0 whip.
You enter the shallow water.
Moving in this stuff is going to be slow.
Done exploring.
No target in view!
No target in view!
Done exploring.
No target in view!
No target in view!
Done exploring.
Done exploring.
Done exploring.
Are you sure you want to abandon this character and quit the game? (Confirm with "yes".)

Skill      XL: |  1  2 |
---------------+-------+-----
Short Blades   | 1 |  1.4
Stealth        | 3 |  3.2
Fighting       | |  0.7
Dodging        | |  1.7
Spellcasting   | |  2.2
Hexes          | |  3.1
Ice Magic      | |  0.7

Action                     || total
---------------------------++-------
  Melee: Dagger            ||    99
         Punch             ||     1
   Cast: Ensorcelled Hiber ||    10
    Use: Scroll            ||     1
   Stab: Sleeping          ||    13
 Armour: Robe              ||    47
  Dodge: Dodged            ||    42

Levels and vault maps discovered:
D:1:      lightli_arrival_statue_moat, layout_loops_ring, serial_shops,
          nicolae_shop_just_a_little_nook, nicolae_wormholes
D:2:      layout_loops_corners, ebering_ecumenical_altar_ruins, serial_bayou,
          serial_bayou_lake_a, serial_bayou_crossing, serial_bayou_ford_a,
          serial_bayou_shore_a

Notes
Turn   | Place    | Note
-------+----------+-------------------------------------------
     0 | D:1      | kae the Demonspawn Enchanter began the quest for the Orb.
     0 | D:1      | Reached XP level 1. HP: 13/13 MP: 3/3
     0 | D:1      | magus.rc [v1.11.3]
   137 | D:1      | Reached skill level 1 in Short Blades
   198 | D:1      | Gained mutation: You have an unusually large brain. (Int
                  | +2) [demonic ancestry]
   198 | D:1      | Reached XP level 2. HP: 17/20 MP: 5/5
   213 | D:1      | Learned a level 2 spell: Ensorcelled Hibernation
   254 | D:1      | You pick up a book of Minor Magic and begin reading...
   254 | D:1      | You add the spells Magic Dart, Call Imp and Mephitic Cloud
                  | to your library.
   373 | D:1      | Reached skill level 3 in Stealth
   662 | D:1      | Found Ciagoxt's Armour Shop.
   879 | D:2      | HP: 4/20 [frilled lizard (2)]
  1038 | D:1      | Gained mutation: A weak demonic guardian rushes to your
                  | aid. [demonic ancestry]
  1038 | D:1      | Reached XP level 3. HP: 25/25 MP: 3/6
  1560 | D:2      | You pick up a book of the Tundra and begin reading...
  1560 | D:2      | You add the spells Hailstorm, Summon Ice Beast and
                  | Simulacrum to your library.
  1692 | D:2      | Found a faded altar of an unknown god.
  2036 | D:2      | Quit the game

Vanquished Creatures
  2 worms
  A dart slug (D:1)
  2 ball pythons (D:1)
  3 bats
  2 endoplasms (D:1)
  2 giant cockroaches (D:1)
  2 goblins
  3 hobgoblins
  6 kobolds
  3 quokkas
  3 frilled lizards
  3 rats
32 creatures vanquished.

Vanquished Creatures (collateral kills)
  An endoplasm (D:2)
1 creature vanquished.

Grand Total: 33 creatures vanquished

Table legend:
 A = Non-vault XP
 B = Vault XP
 C = Vault XP percentage of total XP
 D = Non-vault monster count
 E = Vault monster count
 F = Vault count percentage of total count
                 A         B        C        D         E       F
            +---------+---------+-------+---------+---------+-------
      Total |      56 |       5 |   8.2 |      32 |       1 |   3.0
            +---------+---------+-------+---------+---------+-------
        D:1 |      32 |       5 |  13.5 |      18 |       1 |   5.3
        D:2 |      24 |       0 |   0.0 |      14 |       0 |   0.0
            +---------+---------+-------+---------+---------+-------

Skill      XL: |  1  2 |
---------------+-------+-----
Short Blades   | 1 |  1.4
Stealth        | 3 |  3.2
Fighting       | |  0.7
Dodging        | |  1.7
Spellcasting   | |  2.2
Hexes          | |  3.1
Ice Magic      | |  0.7

Action                     || total
---------------------------++-------
  Melee: Dagger            ||    99
         Punch             ||     1
   Cast: Ensorcelled Hiber ||    10
    Use: Scroll            ||     1
   Stab: Sleeping          ||    13
 Armour: Robe              ||    47
  Dodge: Dodged            ||    42

Illustrated notes

Table legend:
 A = Kills in this place as a percentage of kills in the entire game.
 B = Kills by you in this place as a percentage of kills by you in the entire game.
 C = Kills by friends in this place as a percentage of kills by friends in the entire game.
 D = Other kills in this place as a percentage of other kills in the entire game.
 E = Experience gained in this place as a percentage of experience gained in the entire game.
 F = Experience gained in this place divided by the number of levels of this place that you have seen.
                   A       B       C       D       E      F
               +-------+-------+-------+-------+-------+----------------------
         Total | 100.0 | 100.0 | 100.0 |   N/A | 100.0 |  30.5
       Dungeon | 100.0 | 100.0 | 100.0 |   N/A | 100.0 |  30.5
               +-------+-------+-------+-------+-------+----------------------

Table legend: (Time is in decaauts)
 A = Elapsed time spent in this place.
 B = Non-inter-level travel time spent in this place.
 C = Inter-level travel time spent in this place.
 D = Time resting spent in this place.
 E = Time spent auto-exploring this place.
 F = Levels seen in this place.
 G = Mean time per level.
                   A        B        C        D        E       F      G
               +--------+--------+--------+--------+--------+-----+--------+
         Total |   2081 |   2037 |     44 |     97 |   1658 |   2 | 1040.5 |
       Dungeon |   2081 |   2037 |     44 |     97 |   1658 |   2 | 1040.5 |
               +--------+--------+--------+--------+--------+-----+--------+

Top non-repeatable levels by time:
     D:2: 1127 daAuts
     D:1: 954 daAuts
